Map: Thunderbird LE

Players

EunJi

  • Race: Zerg Zerg
  • League: Platinum
  • Spawn Location: 5:00

Mez - Winner!

  • Race: Terran Terran
  • Spawn Location: 11:00

VOD

Have the link to the VOD?

Description

Time

  • Played on: July 27, 2019, 9:36 p.m.
  • Length: 10:54
Show
View Real Time Build Order
Export as new Build Order

EunJi Zerg 

Build Orders: Hatch First, Muta Ling Bane 

Get SALT Encoding   

  12  0:01  Drone  
  13  0:13  Overlord  
  13  0:16  Drone  
  14  0:32  Drone x2  
  16  0:35  Drone  
  17  0:57  Drone  
  17  0:58  Hatchery  
  17  1:01  Extractor  
  16  1:13  Spawning Pool  
  16  1:16  Drone  
  16  1:20  Drone  
  16  1:24  Drone  
  18  1:29  Drone  
  19  1:40  Drone  
  20  1:50  Drone  
  21  2:02  Zergling x2  
  22  2:11  Zergling x2, Queen  
  22  2:13  Queen  
  22  2:14  Metabolic Boost  
  27  2:18  Overlord  
  27  2:21  Drone  
  28  2:29  Overlord  
  28  2:34  Overlord  
  28  2:41  Drone  
  28  2:46  Zergling x2  
  29  3:05  Drone x4  
  33  3:14  Hatchery  
  33  3:18  Drone x3  
  35  3:23  Spore Crawler  
  35  3:25  Drone  
  35  3:30  Drone x2  
  35  3:31  Drone x2  
  39  3:36  Drone, Baneling Nest  
  39  3:38  Drone  
  40  3:44  Drone x2  
  42  3:49  Spore Crawler  
  42  3:54  Extractor  
  40  3:59  Extractor  
  39  4:09  Drone x2  
  41  4:10  Drone  
  41  4:11  Queen  
  41  4:14  Overlord  
  41  4:15  Zergling x10  
  41  4:16  Zergling x2  
  50  4:23  Lair  
  50  4:26  Queen  
  50  4:29  Zergling x4  
  54  4:32  Zergling x2  
  54  4:37  Zergling x4  
  54  4:38  Zergling x2  
  58  4:48  Zergling x6  
  56  5:11  Zergling x8  
  56  5:12  Zergling x8  
  59  5:27  Drone x4  
  59  5:28  Drone x2  
  65  5:29  Zergling x2  
  65  5:33  Spire  
  59  5:44  Zergling x2  
  59  5:45  Zergling x10  
  64  5:57  Zergling x4  
  64  5:59  Overlord x2  
  64  6:00  Centrifical Hooks  
  66  6:17  Zergling x2  
  66  6:18  Zergling x6  
  64  6:33  Zergling x8  
  64  6:34  Zergling x10  
  64  6:35  Zergling x4  
  71  6:47  Mutalisk x4  
  79  7:03  Mutalisk  
  79  7:05  Overlord x2  
  79  7:06  Zergling x2  
  72  7:23  Mutalisk x5  
  72  7:26  Zergling x10  
  72  7:27  Zergling x6  
  85  7:43  Mutalisk  
  87  7:44  Zergling x2  
  87  7:45  Zergling x2  
  87  7:47  Overlord, Drone  
  87  7:48  Drone  
  91  7:56  Extractor  
  90  8:11  Evolution Chamber  
  90  8:12  Zerg Flyer Weapons Level 1  
  89  8:13  Evolution Chamber, Mutalisk  
  89  8:14  Mutalisk  
  89  8:15  Zergling x2  
  89  8:16  Zergling x6  
  56  8:30  Zergling x2  
  56  8:31  Zergling x10  
  56  8:32  Zergling x10  
  56  8:33  Zergling x2  
  68  8:40  Baneling x2  
  68  8:41  Baneling x4  
  68  8:44  Zergling x2  
  68  8:45  Zergling x4  
  71  8:49  Zergling x2  
  71  8:52  Baneling x3  
  71  8:53  Baneling x6  
  71  8:54  Baneling x2  
  72  8:55  Baneling  
  72  9:00  Overlord  
  72  9:02  Zergling x4  
  74  9:05  Overlord x2  
  52  9:25  Overlord, Drone x2  
  52  9:26  Drone x3  
  52  9:27  Queen  
  57  9:32  Baneling  
  57  9:33  Baneling x6  
  57  9:34  Baneling  
  57  9:37  Mutalisk x2  
  62  9:38  Zergling x2  
  62  9:46  Extractor  
  62  9:49  Extractor  
  52  10:00  Zergling x2  
  52  10:01  Zergling x10  
  57  10:10  Zergling x6  
  59  10:21  Mutalisk x2  
  55  10:24  Baneling  
  55  10:25  Baneling x6  
  55  10:26  Baneling  
  57  10:37  Hatchery  
Show
View Real Time Build Order
Export as new Build Order

Mez Terran - Winner!

Build Orders: Reaper Expand 

Get SALT Encoding   

  12  0:01  SCV  
  13  0:13  SCV  
  14  0:17  Supply Depot  
  14  0:25  SCV  
  15  0:39  SCV  
  15  0:40  Barracks  
  16  0:45  Refinery  
  16  0:51  SCV  
  17  1:03  SCV  
  18  1:15  SCV  
  19  1:28  Reaper, Orbital Command  
  20  1:39  Command Center  
  20  1:50  Barracks  
  21  1:54  SCV  
  21  2:01  Barracks Reactor  
  21  2:08  Barracks  
  21  2:16  Supply Depot  
  21  2:18  SCV  
  22  2:30  SCV  
  23  2:49  Marine x2  
  23  2:50  Barracks Tech Lab  
  26  2:51  SCV  
  26  2:52  Orbital Command  
  26  3:01  Marine  
  27  3:08  SCV  
  27  3:09  Combat Shield  
  27  3:10  Marine  
  27  3:11  Marine x2  
  31  3:15  Engineering Bay  
  31  3:18  SCV  
  32  3:20  SCV  
  32  3:23  Marine  
  32  3:25  Supply Depot  
  34  3:28  Marine  
  34  3:29  Marine x2  
  34  3:30  SCV  
  34  3:32  SCV  
  39  3:42  SCV, Terran Infantry Weapons Level 1  
  39  3:44  SCV, Marine  
  39  3:46  Marine x2  
  39  3:47  Marine  
  45  3:53  Supply Depot  
  45  3:54  SCV  
  46  3:56  SCV  
  46  4:01  Marine  
  48  4:04  Marine  
  48  4:06  SCV, Marine  
  48  4:08  SCV  
  51  4:11  Factory  
  51  4:12  Refinery  
  51  4:13  Refinery  
  51  4:19  Supply Depot  
  51  4:21  Barracks Reactor  
  51  4:24  SCV x2  
  53  4:27  Marine x3  
  56  4:40  Stimpack  
  56  4:41  SCV x2  
  58  4:49  Command Center, Marine x3  
  61  4:54  Supply Depot  
  61  4:57  SCV x2  
  59  5:12  Marine x2  
  59  5:13  Marine x3  
  55  5:16  SCV x2  
  55  5:19  Supply Depot  
  53  5:22  Factory Reactor  
  53  5:23  Starport  
  53  5:29  Barracks x2  
  50  5:38  Marine x2  
  50  5:39  Marine x3  
  55  5:44  Supply Depot  
  55  5:50  Supply Depot  
  55  5:55  Terran Infantry Armor Level 1  
  55  5:56  SCV x2, Marine x2  
  59  6:05  Orbital Command  
  59  6:07  Medivac x2  
  59  6:08  SCV x2, Marine  
  59  6:09  Marine x2, Factory Reactor  
  68  6:14  Supply Depot  
  68  6:20  SCV x2  
  68  6:23  Barracks Reactor x2  
  70  6:30  Barracks  
  70  6:32  SCV x2, Barracks  
  70  6:33  Barracks  
  70  6:36  Marine x5  
  61  6:44  SCV x2  
  60  6:47  SCV  
  60  6:48  Supply Depot  
  59  6:54  Marine x2  
  59  6:56  SCV x2, Marine x2  
  59  6:57  Marine  
  59  6:59  SCV  
  67  7:07  Marine x3  
  65  7:14  Marine  
  65  7:15  Marine x5  
  60  7:25  Marine x3  
  60  7:27  Barracks Tech Lab  
  63  7:32  Marine x2  
  65  7:38  Marine x4  
  65  7:42  Missile Turret  
  69  7:48  Marine  
  70  7:54  Missile Turret  
  70  8:06  Marine x5, Supply Depot  
  70  8:08  Supply Depot  
  70  8:10  Supply Depot  
  70  8:12  Supply Depot  
  73  8:23  Marine  
  73  8:24  Marine x6  
  73  8:42  Marine x3  
  73  8:43  SCV x2, Marine x6  
  84  8:57  Command Center  
  84  9:02  Armory  
  64  9:23  Marine x2  
  59  9:24  Marine x10  
  59  9:30  SCV x2  
  71  9:36  Marine  
  72  9:40  Medivac x2  
  72  9:41  Marine x2, Supply Depot  
  72  9:42  Marine  
  79  9:58  Marine x9  
  79  9:59  Marine x2  
  84  10:10  Medivac x2  
  86  10:14  Orbital Command  
  86  10:17  SCV x2  
  86  10:24  Marine x5  
  91  10:29  SCV x2  
  92  10:41  SCV  
Tags
 
Add a new tag
Caveats
  • Supply blocks, unpowered buildings, or Contaminate may cause inaccurate times.
  • Supply counts are checked every 10 seconds.